Map: Megastructure

Players

scan

  • Race: Zerg Zerg

ralf

  • Race: Protoss Protoss

DucatiDave

  • Race: Zerg Zerg

REEFPHILLY

  • Race: Terran Terran
  • League: Gold

Windwhisper

  • Race: Protoss Protoss

HeavensFall

  • Race: Zerg Zerg

VOD

Have the link to the VOD?

Description

Time

  • Played on: Oct. 8, 2026, 11:46 p.m.
  • Length: 14:41
Show
View Real Time Build Order
Export as new Build Order

scan Zerg 

Build Orders: Pool First 

Get SALT Encoding   

  12  0:05  Drone  
  13  0:26  Spawning Pool  
  12  0:30  Drone x2  
  14  0:42  Extractor  
  13  0:46  Extractor  
  13  0:47  Drone x2  
  14  0:53  Overlord  
  16  1:16  Drone  
  16  1:18  Hatchery, Drone  
  17  1:29  Extractor  
  17  1:30  Zergling x2  
  17  1:35  Overlord  
  17  1:42  Queen  
  19  1:47  Zergling x2  
  20  1:58  Drone  
  21  2:07  Extractor  
  20  2:13  Drone  
  21  2:23  Drone  
  21  2:25  Spore Crawler  
  21  2:30  Drone x2  
  23  2:43  Lair  
  23  2:44  Drone x2  
  25  2:52  Drone x3  
  25  2:53  Zergling x4  
  30  3:13  Drone  
  30  3:14  Drone x2  
  30  3:15  Metabolic Boost  
  33  3:24  Drone x3  
  36  3:28  Overlord x2  
  36  3:44  Spire  
  36  3:47  Zergling x2  
  36  3:48  Zergling x6  
  39  3:57  Zergling x6  
  39  3:58  Zergling x2  
  39  4:01  Overseer  
  43  4:09  Drone x3  
  46  4:44  Drone x4  
  46  4:45  Queen  
  52  4:50  Extractor  
  52  4:52  Extractor  
  50  4:55  Zergling x4  
  50  4:57  Overlord x3  
  49  5:09  Pneumatized Carapace  
  49  5:17  Zergling x4  
  51  5:28  Mutalisk x3  
  51  5:29  Mutalisk  
  59  5:43  Mutalisk  
  59  5:45  Drone x3  
  64  6:04  Drone x5  
  67  6:05  Overlord x2  
  67  6:07  Zerg Flyer Weapons Level 1  
  69  6:17  Hatchery  
  68  6:19  Drone x4  
  68  6:21  Extractor  
  68  6:25  Extractor  
  70  6:29  Mutalisk x2  
  74  6:37  Drone x4  
  78  6:46  Infestation Pit  
  77  6:51  Evolution Chamber  
  77  6:52  Evolution Chamber  
  77  6:53  Drone x3  
  78  6:54  Evolution Chamber  
  78  6:58  Mutalisk x2  
  81  7:08  Mutalisk x2  
  85  7:23  Drone x3  
  85  7:28  Hive  
  88  7:38  Queen  
  90  7:48  Mutalisk x3  
  90  7:51  Overlord x6  
  96  7:54  Overseer  
  96  8:07  Zerg Flyer Armor Level 1  
  96  8:47  Viper x3  
  96  8:48  Viper x2  
  108  8:50  Drone x6  
  108  8:51  Drone  
  118  9:03  Zerg Melee Weapons Level 1, Zerg Ground Armor Level 1  
  118  9:05  Zerg Missile Weapons Level 1  
  118  9:24  Extractor  
  118  9:27  Hatchery  
  116  9:31  Extractor  
  115  9:47  Overlord x6  
  115  9:48  Overlord  
  115  9:57  Ultralisk Cavern  
  114  10:33  Drone  
  114  10:34  Drone x8  
  114  10:35  Drone  
  124  10:38  Zerg Flyer Weapons Level 2  
  124  11:10  Adrenal Glands  
  124  11:12  Chitinous Plating  
  124  11:13  Microbial Shroud  
  124  11:15  Zerg Melee Weapons Level 2, Zerg Missile Weapons Level 2  
  124  11:16  Zerg Ground Armor Level 2  
  121  11:39  Ultralisk x4  
  144  11:40  Ultralisk  
  141  12:30  Anabolic Synthesis  
  141  13:19  Ultralisk x3  
  177  13:20  Ultralisk x6  
  195  13:30  Overseer x2  
Show
View Real Time Build Order
Export as new Build Order

ralf Protoss 

Build Orders:  

Get SALT Encoding   

  12  0:01  Probe  
  13  0:15  Pylon  
  13  0:18  Probe  
  14  0:30  Probe  
  15  0:36  Gateway  
  15  0:42  Probe  
  16  0:48  Assimilator  
  16  0:54  Probe (Chrono Boost)  
  17  0:59  Pylon  
  17  1:06  Probe (Chrono Boost)  
  18  1:14  Probe (Chrono Boost)  
  19  1:20  Probe (Chrono Boost)  
  19  1:25  Cybernetics Core  
  20  1:30  Assimilator  
  21  1:33  Probe (Chrono Boost)  
  21  1:40  Probe (Chrono Boost)  
  22  1:47  Probe  
  22  1:53  Pylon  
  23  1:59  Probe  
  24  2:11  Nexus  
  24  2:22  Stargate  
  24  2:29  Pylon  
  24  2:41  Pylon  
  24  2:55  Stargate  
  24  3:00  Forge  
  24  3:03  Probe  
  25  3:15  Probe  
  26  3:20  Void Ray  
  26  3:25  Probe  
  31  3:27  Probe  
  32  3:35  Pylon  
  32  3:37  Probe (Chrono Boost)  
  32  3:40  Probe (Chrono Boost)  
  34  3:48  Probe (Chrono Boost)  
  35  3:49  Probe (Chrono Boost)  
  35  3:51  Void Ray  
  40  3:59  Photon Cannon  
  40  4:03  Probe x2  
  42  4:14  Void Ray  
  42  4:15  Probe  
  47  4:18  Probe  
  47  4:22  Assimilator  
  48  4:27  Assimilator  
  48  4:28  Probe  
  48  4:30  Probe  
  50  4:37  Photon Cannon  
  50  4:41  Pylon  
  50  4:44  Probe x2  
  52  4:56  Probe x2  
  52  4:58  Fleet Beacon  
  54  5:04  Void Ray (Chrono Boost)  
  54  5:08  Probe  
  54  5:09  Probe  
  54  5:13  Void Ray (Chrono Boost)  
  60  5:21  Probe x2  
  66  5:30  Shield Battery  
  66  5:33  Probe  
  67  5:39  Flux Vanes  
  67  5:52  Void Ray  
  67  5:53  Nexus  
  71  5:59  Probe x2  
  73  6:06  Pylon  
  73  6:09  Pylon  
  73  6:12  Pylon  
  73  6:16  Probe x2  
  75  6:19  Void Ray  
  79  6:28  Probe  
  79  6:30  Photon Cannon  
  80  6:32  Photon Cannon  
  80  6:37  Void Ray  
  84  6:41  Protoss Air Weapons Level 1  
  84  6:44  Probe  
  84  6:45  Probe  
  86  6:57  Probe x2  
  88  7:04  Void Ray  
  92  7:09  Probe x2  
  90  7:17  Probe  
  90  7:20  Void Ray  
  90  7:21  Probe x2  
  97  7:26  Assimilator  
  97  7:28  Assimilator  
  97  7:29  Probe  
  98  7:32  Photon Cannon  
  98  7:33  Probe x2  
  100  7:39  Cybernetics Core  
  100  7:42  Probe  
  101  7:45  Pylon x2  
  101  7:47  Pylon, Void Ray  
  105  7:52  Pylon  
  105  8:10  Stargate  
  105  8:12  Stargate  
  105  8:13  Stargate  
  105  8:14  Stargate  
  105  8:15  Protoss Air Armor Level 1  
  105  8:16  Stargate  
  105  8:24  Nexus  
  105  8:27  Assimilator  
  105  8:28  Assimilator  
  105  8:32  Pylon  
  105  8:35  Pylon  
  105  8:38  Pylon  
  105  8:42  Pylon  
  105  8:58  Photon Cannon  
  105  8:59  Photon Cannon  
  105  9:01  Photon Cannon x2  
  105  9:02  Photon Cannon  
  105  9:03  Photon Cannon x2  
  105  9:05  Photon Cannon x2  
  105  9:06  Pylon  
  105  9:10  Pylon  
  105  9:12  Probe x3  
  108  9:41  Probe x4  
  108  9:42  Void Ray  
  108  9:43  Void Ray  
  120  9:47  Protoss Air Weapons Level 2 (Chrono Boost)  
  120  9:48  Void Ray  
  120  9:50  Protoss Shields Level 1  
  124  9:53  Probe x4  
  128  10:00  Robotics Facility  
  128  10:03  Robotics Facility  
  128  10:15  Twilight Council, Void Ray  
  132  10:31  Void Ray x2  
  132  10:32  Void Ray, Protoss Air Armor Level 2 (Chrono Boost)  
  132  10:34  Void Ray  
  148  10:56  Robotics Bay  
  148  10:58  Pylon  
  148  10:59  Void Ray x2  
  148  11:00  Pylon  
  148  11:02  Pylon  
  148  11:03  Pylon  
  156  11:26  Observer x2  
  154  11:43  Observer  
  155  11:51  Photon Cannon  
  155  11:53  Photon Cannon  
  155  11:55  Photon Cannon  
  155  11:58  Protoss Shields Level 2  
  155  12:02  Pylon  
  155  12:03  Gravitic Boosters (Chrono Boost)  
  155  12:06  Pylon  
  155  12:07  Pylon  
  155  12:15  Void Ray x4  
  159  12:16  Void Ray x3  
  183  12:49  Observer x2  
  185  12:58  Void Ray  
Show
View Real Time Build Order
Export as new Build Order

DucatiDave Zerg 

Build Orders: Pool First 

Get SALT Encoding   

  12  0:05  Drone  
  13  0:20  Drone  
  14  0:27  Spawning Pool  
  13  0:36  Overlord  
  13  0:57  Drone x3  
  13  1:04  Extractor  
  15  1:07  Extractor  
  15  1:10  Drone  
  15  1:24  Queen  
  17  1:26  Drone  
  17  1:32  Drone  
  19  1:42  Drone  
  20  1:53  Hatchery  
  19  1:56  Overlord  
  19  2:05  Metabolic Boost  
  19  2:23  Lair  
  19  2:36  Zergling x8  
  23  2:42  Zergling x2  
  24  2:46  Zergling x2  
  25  2:57  Spore Crawler  
  24  3:16  Drone  
  24  3:18  Drone  
  26  3:24  Drone x4  
  30  3:28  Drone  
  25  4:11  Spine Crawler  
  25  4:14  Hydralisk Den  
  25  4:16  Drone x3  
  26  4:17  Queen  
  28  4:28  Evolution Chamber  
  27  4:31  Evolution Chamber  
  27  4:33  Drone x4  
  27  4:34  Drone  
  31  4:40  Overlord  
  31  4:50  Drone x3  
  34  5:00  Grooved Spines  
  34  5:14  Hydralisk x3  
  34  5:19  Hydralisk  
  42  5:22  Hydralisk  
  42  5:26  Overlord  
  44  5:32  Zerg Missile Weapons Level 1  
  44  5:37  Zerg Ground Armor Level 1  
  44  5:46  Drone x4  
  44  5:48  Drone  
  49  5:50  Muscular Augments, Drone  
  50  6:02  Baneling Nest  
  49  6:04  Spore Crawler  
  49  6:07  Extractor  
  49  6:11  Extractor  
  46  6:16  Drone x5  
  46  6:17  Drone  
  52  6:31  Infestation Pit  
  52  6:32  Drone  
  52  6:33  Overlord x3  
  52  6:35  Pneumatized Carapace  
  52  7:12  Nydus Network  
  52  7:13  Hive  
  51  7:19  Burrow  
  51  7:24  Lurker Den  
  51  7:25  Drone x3  
  51  7:26  Drone x3  
  51  7:29  Drone x4  
  61  7:30  Drone x2  
  61  7:34  Zerg Missile Weapons Level 2  
  62  7:37  Zerg Ground Armor Level 2  
  62  7:47  Spine Crawler, Centrifugal Hooks  
  76  8:23  Hatchery  
  75  8:28  Lurker  
  75  8:32  Overlord  
  76  8:35  Overlord x4  
  76  8:36  Overlord  
  76  8:51  Adaptive Talons  
  76  9:02  Lurker x2  
  78  9:11  Zergling x2  
  78  9:12  Zergling x10  
  78  9:15  Zergling x10  
  88  9:49  Seismic Spines  
  88  10:05  Zerg Melee Weapons Level 1  
  88  10:06  Zerg Ground Armor Level 3  
  88  10:08  Adrenal Glands  
  88  10:13  Zergling x12  
  94  10:19  Hydralisk x4  
  102  10:21  Overlord  
  102  10:22  Overlord  
  102  10:45  Hatchery  
  101  10:58  Zergling x8  
  101  10:59  Zergling x12  
  101  11:00  Zergling x2  
  112  11:07  Hydralisk x4  
  112  11:08  Hydralisk x2  
  124  11:13  Unknown  
  124  11:49  Baneling  
  124  11:50  Baneling x6  
  124  11:51  Baneling x3  
  124  11:53  Baneling x6  
  124  11:54  Baneling x2  
  124  12:00  Zerg Melee Weapons Level 2  
  124  12:05  Drone  
  100  12:50  Hydralisk x2  
  100  12:51  Hydralisk x7  
  101  12:52  Hydralisk x2  
  119  13:01  Nydus Canal  
  119  13:32  Drone x3  
  122  13:36  Extractor  
  115  14:01  Drone  
  115  14:02  Drone  
  117  14:21  Overlord  
  150  14:35  Extractor  
Show
View Real Time Build Order
Export as new Build Order

REEFPHILLY Terran 

Build Orders:  

Get SALT Encoding   

  12  0:50  SCV  
  13  1:00  Command Center  
  13  1:02  SCV  
  14  1:14  SCV  
  15  1:45  Command Center  
  15  2:11  SCV  
  15  2:14  SCV  
  17  2:21  Supply Depot  
  17  2:22  Refinery  
  17  2:23  SCV  
  17  2:26  SCV, Refinery  
  17  2:29  Engineering Bay  
  19  2:36  SCV  
  20  2:38  SCV  
  21  2:48  SCV  
  21  2:50  SCV  
  23  2:55  Barracks  
  23  2:58  SCV  
  24  3:02  SCV  
  25  3:10  SCV x2  
  27  3:14  SCV  
  27  3:18  Barracks  
  28  3:22  SCV  
  28  3:26  SCV  
  31  3:33  Planetary Fortress  
  30  3:39  SCV  
  31  3:45  Barracks Reactor  
  31  3:53  Orbital Command  
  31  4:01  Refinery  
  31  4:08  Missile Turret  
  31  4:10  Barracks Reactor  
  31  4:13  SCV  
  31  4:15  Factory  
  32  4:20  Barracks  
  32  4:21  Barracks  
  32  4:22  SCV  
  33  4:25  Refinery  
  33  4:26  SCV  
  33  4:30  Supply Depot  
  34  4:34  SCV  
  34  4:35  Missile Turret  
  34  4:37  SCV  
  34  4:38  SCV  
  37  4:49  SCV  
  37  4:50  Orbital Command  
  38  4:55  Terran Infantry Weapons Level 1  
  38  5:06  Factory Tech Lab  
  38  5:08  Barracks Tech Lab  
  38  5:10  Barracks Reactor  
  38  5:14  Factory  
  38  5:17  Marine  
  38  5:18  Marine x3, Barracks  
  42  5:25  SCV  
  43  5:31  SCV  
  43  5:35  Marine x4  
  45  5:37  SCV  
  45  5:38  Supply Depot  
  45  5:39  SCV  
  45  5:42  Siege Tank  
  53  5:43  SCV  
  53  5:49  SCV  
  55  5:51  SCV  
  55  5:52  Marine x2  
  55  5:53  Marauder  
  55  5:54  Combat Shield  
  55  5:55  SCV  
  61  6:00  Marine  
  61  6:01  SCV  
  63  6:07  Factory Reactor  
  63  6:14  SCV, Supply Depot, Armory  
  63  6:15  Marauder  
  63  6:17  Siege Tank  
  69  6:19  Barracks Reactor  
  69  6:31  Supply Depot  
  69  6:35  Marine x5, SCV  
  69  6:36  Engineering Bay  
  69  6:39  Supply Depot  
  75  6:47  SCV, Refinery  
  75  6:48  Refinery  
  76  6:55  Widow Mine x3  
  76  6:57  Marine x2  
  76  6:59  SCV  
  85  7:09  Marine x2  
  85  7:12  SCV  
  85  7:13  Concussive Shells  
  88  7:16  Widow Mine x2  
  88  7:17  Widow Mine  
  94  7:30  Supply Depot  
  94  7:38  Widow Mine x3, Missile Turret  
  94  7:39  Missile Turret  
  94  7:40  Missile Turret x2  
  94  7:41  SCV, Missile Turret  
  101  7:53  SCV  
  101  7:54  Supply Depot  
  101  7:55  Drilling Claws  
  101  7:56  Stimpack  
  102  7:59  Widow Mine x2  
  102  8:01  Factory  
  102  8:05  SCV  
  107  8:08  Terran Infantry Weapons Level 2  
  107  8:09  Terran Infantry Armor Level 1  
  107  8:10  Terran Vehicle Weapons Level 1  
  107  8:17  SCV  
  107  8:18  Armory, Supply Depot  
  106  8:30  Missile Turret  
  106  8:32  Missile Turret  
  106  8:33  SCV  
  105  8:37  Missile Turret  
  103  8:45  SCV, Marine x2  
  103  8:46  Marine x7  
  113  8:53  Factory Reactor  
  113  9:03  Factory, Marine x8  
  121  9:11  Supply Depot  
  121  9:13  Infernal Pre-Igniter  
  121  9:26  Starport  
  121  9:28  Starport  
  121  9:34  Supply Depot  
  121  9:46  Missile Turret x2  
  121  9:48  Missile Turret  
  121  9:53  Command Center  
  121  9:56  Missile Turret  
  121  9:57  Thor  
  121  9:58  Missile Turret  
  121  9:59  Widow Mine x3  
  133  10:02  Factory Tech Lab  
  133  10:05  Terran Vehicle And Ship Armor Level 1  
  133  10:06  Starport Reactor  
  133  10:07  Starport Reactor  
  133  10:14  Supply Depot  
  133  10:23  Missile Turret  
  133  10:24  Missile Turret  
  133  10:38  Missile Turret  
  133  10:39  Missile Turret  
  133  10:47  Missile Turret  
  133  10:49  Missile Turret  
  133  11:00  Thor  
  133  11:02  Factory  
  133  11:03  Viking, Command Center  
  141  11:05  Viking  
  143  11:15  SCV  
  144  11:27  SCV  
  145  11:37  Thor  
  145  11:39  SCV  
  152  11:42  Hellbat  
  152  11:43  Hellbat x2, Thor  
  152  11:45  Hellbat  
  156  11:50  Viking  
  156  11:51  SCV  
  156  11:52  Viking  
  156  11:59  Terran Ship Weapons Level 1  
  156  12:03  SCV  
  156  12:05  Refinery  
  156  12:07  Refinery  
  157  12:11  Factory Tech Lab  
  157  12:20  Thor  
  163  12:51  Orbital Command  
  163  12:54  Command Center  
  156  13:50  Marine  
  156  13:51  Marine x6  
  159  14:08  Marine  
  159  14:09  Marine x6  
Show
View Real Time Build Order
Export as new Build Order

Windwhisper Protoss 

Build Orders:  

Get SALT Encoding   

  12  0:03  Probe (Chrono Boost)  
  13  0:13  Probe (Chrono Boost)  
  14  0:25  Pylon  
  14  0:27  Probe  
  15  0:43  Probe  
  15  0:47  Forge  
  16  0:51  Gateway  
  16  0:58  Assimilator  
  16  1:00  Assimilator  
  17  1:04  Probe (Chrono Boost)  
  17  1:16  Probe (Chrono Boost)  
  18  1:27  Photon Cannon  
  18  1:28  Probe (Chrono Boost)  
  20  1:40  Probe  
  20  1:49  Zealot  
  20  1:53  Cybernetics Core  
  22  1:55  Pylon  
  22  1:57  Probe  
  23  2:13  Probe  
  24  2:22  Nexus  
  24  2:30  Assimilator  
  24  2:34  Probe  
  24  2:35  Assimilator  
  25  2:46  Probe  
  25  2:49  Stargate  
  26  3:07  Probe, Pylon  
  26  3:11  Pylon  
  27  3:19  Probe (Chrono Boost)  
  28  3:26  Pylon  
  28  3:28  Probe (Chrono Boost)  
  28  3:32  Protoss Air Weapons Level 1  
  28  3:33  Probe (Chrono Boost)  
  29  3:37  Probe  
  31  3:48  Photon Cannon  
  27  3:50  Probe  
  28  3:57  Zealot  
  30  4:07  Photon Cannon  
  30  4:08  Photon Cannon  
  30  4:10  Probe  
  30  4:12  Probe  
  32  4:27  Void Ray  
  36  4:34  Probe x2  
  38  4:46  Probe x2  
  40  4:54  Stargate  
  40  4:58  Pylon  
  40  5:02  Pylon  
  40  5:10  Void Ray  
  44  5:21  Photon Cannon  
  44  5:26  Shield Battery  
  44  5:31  Shield Battery  
  44  5:34  Photon Cannon  
  44  5:36  Probe x2  
  46  5:43  Void Ray  
  50  5:53  Probe  
  50  5:54  Probe  
  52  6:03  Protoss Air Armor Level 1  
  52  6:06  Probe x2  
  54  6:11  Cybernetics Core  
  54  6:19  Probe  
  54  6:22  Protoss Shields Level 1  
  54  6:25  Void Ray  
  59  6:27  Probe  
  60  6:45  Pylon, Probe x2  
  62  6:47  Void Ray  
  62  6:48  Pylon  
  62  6:49  Pylon  
  60  7:23  Photon Cannon  
  60  7:24  Photon Cannon  
  60  7:26  Photon Cannon  
  60  7:28  Probe x2  
  62  7:40  Probe  
  63  7:58  Probe  
  63  7:59  Probe  
  65  8:06  Nexus  
  65  8:09  Assimilator  
  65  8:10  Probe  
  65  8:11  Probe  
  67  8:14  Assimilator  
  67  8:17  Void Ray  
  67  8:18  Pylon  
  71  8:22  Pylon  
  71  8:23  Probe  
  72  8:40  Twilight Council  
  72  8:41  Fleet Beacon  
  72  8:44  Robotics Facility  
  72  8:45  Probe x2  
  74  8:57  Probe x2  
  76  9:09  Probe x2  
  78  9:14  Photon Cannon  
  78  9:15  Photon Cannon  
  78  9:20  Probe, Photon Cannon  
  78  9:21  Probe  
  78  9:22  Probe  
  81  9:32  Probe  
  81  9:33  Probe  
  81  9:34  Probe  
  81  9:38  Photon Cannon  
  84  9:43  Shield Battery  
  84  9:46  Shield Battery  
  84  9:47  Shield Battery  
  84  9:49  Photon Cannon  
  84  9:55  Photon Cannon  
  84  9:56  Probe x2  
  86  10:07  Stargate  
  86  10:09  Stargate x2  
  86  10:18  Void Ray  
  90  10:22  Void Ray  
  94  10:33  Pylon  
  94  10:35  Pylon  
  94  10:38  Photon Cannon  
  94  10:40  Shield Battery  
  94  10:47  Shield Battery  
  94  10:54  Photon Cannon  
  94  10:56  Photon Cannon  
  94  10:58  Photon Cannon  
  94  10:59  Probe  
  94  11:00  Probe x2  
  94  11:01  Void Ray  
  101  11:10  Flux Vanes  
  101  11:42  Observer  
  102  11:51  Void Ray x3  
  102  11:53  Void Ray  
  118  11:58  Probe  
  118  11:59  Probe  
  118  12:00  Observer  
  121  12:17  Observer  
  122  12:35  Observer  
  80  13:58  Cybernetics Core  
  80  14:00  Cybernetics Core  
  80  14:03  Pylon  
  80  14:04  Pylon  
  80  14:06  Pylon  
  64  14:26  Probe  
  65  14:38  Stargate  
  66  14:39  Stargate  
Show
View Real Time Build Order
Export as new Build Order

HeavensFall Zerg 

Build Orders: Pool First 

Get SALT Encoding   

  12  0:01  Drone  
  13  0:10  Drone  
  14  0:21  Overlord  
  14  0:27  Extractor  
  13  0:29  Drone  
  13  0:31  Overlord  
  14  0:40  Drone  
  15  0:45  Drone  
  16  0:55  Drone  
  17  1:02  Spawning Pool  
  16  1:06  Drone  
  17  1:16  Drone  
  18  1:27  Drone  
  19  1:45  Drone  
  20  1:49  Hatchery  
  20  1:50  Extractor  
  20  1:51  Metabolic Boost  
  18  1:58  Zergling x2  
  19  2:08  Zergling x2  
  20  2:12  Queen  
  22  2:16  Overlord  
  22  2:24  Zergling x2  
  23  2:54  Hatchery  
  23  2:58  Drone x3  
  25  3:14  Drone  
  26  3:22  Evolution Chamber  
  26  3:23  Zergling x2  
  26  3:26  Drone  
  26  3:27  Drone x2  
  29  3:38  Hatchery  
  28  3:41  Zergling x2  
  29  3:52  Zerg Melee Weapons Level 1  
  29  3:55  Zergling x2  
  27  4:12  Zergling x6  
  30  4:19  Zergling x2  
  31  4:40  Drone x3  
  34  4:55  Zergling x2  
  29  5:01  Zergling x4  
  29  5:02  Zergling x2  
  29  5:03  Zergling x4  
  29  5:05  Zergling x2  
  35  5:16  Spine Crawler  
  35  5:18  Spine Crawler  
  35  5:21  Spine Crawler  
  32  5:22  Spine Crawler  
  32  5:27  Lair  
  31  5:33  Spore Crawler  
  30  5:36  Spore Crawler  
  30  5:37  Zergling x8  
  30  5:39  Zergling x6  
  36  5:47  Zerg Ground Armor Level 1  
  35  6:10  Drone x2  
  37  6:15  Drone  
  37  6:17  Drone x3  
  37  6:18  Drone x3  
  44  6:26  Extractor  
  44  6:29  Extractor  
  42  6:51  Drone x2  
  42  6:52  Overlord  
  44  6:55  Overlord x3  
  44  7:07  Spore Crawler  
  43  7:12  Spore Crawler  
  43  7:14  Spore Crawler  
  41  7:24  Zergling x8  
  45  7:31  Drone  
  45  7:32  Drone x2  
  48  7:40  Infestation Pit, Zerg Melee Weapons Level 2  
  48  7:43  Queen  
  49  7:44  Queen  
  51  8:15  Overseer  
  51  8:18  Overseer  
  51  8:21  Pneumatized Carapace  
  51  8:36  Spore Crawler  
  50  8:50  Drone x2  
  50  8:51  Drone, Spore Crawler  
  52  9:00  Queen  
  54  9:04  Queen  
  56  9:10  Drone x3  
  59  9:26  Spine Crawler  
  59  9:30  Spore Crawler, Spine Crawler  
  56  9:35  Drone x3  
  59  9:51  Hatchery  
  58  10:09  Hive  
  58  10:16  Spore Crawler  
  58  10:17  Spore Crawler  
  56  10:50  Burrow  
  68  11:04  Overlord x6  
  71  11:15  Queen  
  66  12:01  Queen  
  54  12:51  Drone x3  
  57  13:35  Swarm Host  
Tags
 
Add a new tag
Caveats
  • Supply blocks, unpowered buildings, or Contaminate may cause inaccurate times.
  • Supply counts are checked every 10 seconds.